 Dungeon Crawl Stone Soup version 0.29-a0-352-g0917bc69df (webtiles) character file.

Game seed: 18287355003286261645

354 sokol815 the Covert (level 6, -4/39 HPs)
             Began as an Octopode Brigand on Apr 24, 2022.
             Slain by a kobold brigand
             ... wielding a +0 dagger
              (9 damage)
             ... on level 3 of the Dungeon.
             The game lasted 00:07:26 (3357 turns).

sokol815 the Covert (Octopode Brigand)              Turns: 3357, Time: 00:07:27

Health: -4/39      AC:  1    Str: 10    XL:     6   Next: 63%
Magic:  6/6        EV: 12    Int: 14    God:
Gold:   145        SH:  0    Dex: 15    Spells: 2/5 levels left

rFire   . . .      SeeInvis .   e - +0 hand axe (vorpal)
rCold   . . .      Faith    .   (no shield)
rNeg    . . .      Spirit   .   (helmet restricted)
rPois   .          Reflect  .   (no amulet)
rElec   .          Harm     .   (no ring)
rCorr   .          Rampage  .   (no ring)
Will    .....                   (no ring)
Stlth   +++++.....              (no ring)
HPRegen 0.13/turn               (no ring)
MPRegen 0.10/turn               (no ring)
                                (no ring)
                                (no ring)

@: slowed, very slow
A: almost no armour, amphibious, 8 rings, camouflage 1, gelatinous body 1,
(nimble swimmer 1), tentacles
a: no special abilities


You were on level 3 of the Dungeon.
You visited 1 branch of the dungeon, and saw 3 of its levels.

You collected 145 gold pieces.

Inventory:

Hand Weapons
 a - a +2 dagger
 b - the +6 hunting sling "Afosudo" {freeze, Str+4}
   (You took it off Jessica on level 3 of the Dungeon)

   Any ammunition fired from it freezes those it strikes, dealing additional
   cold damage.
   It can also slow down cold-blooded creatures.
   Str:       It affects your strength (+4).
 e - a +0 vorpal hand axe (weapon)
   (You took it off an orc on level 2 of the Dungeon)
Missiles
 c - a curare-tipped dart (quivered)
 d - 11 poisoned darts
 j - 3 boomerangs
 s - 103 stones
Scrolls
 f - a scroll of amnesia {unknown}
 g - a scroll of blinking {unknown}
 h - a scroll of torment {unknown}
 X - 2 scrolls of magic mapping {@r4!r}
Potions
 B - a potion of brilliance
 J - a potion of curing {@q1}


   Skills:
 - Level 2.0 Fighting
 - Level 2.0 Short Blades
 * Level 1.7(2.2) Slings
 - Level 2.0(2.3) Throwing
 - Level 1.0 Dodging
 + Level 9.4 Stealth
 * Level 2.8 Ice Magic


You had 2 spell levels left.
You knew the following spells:

 Your Spells              Type           Power      Damage    Failure   Level
A - Ozocubu's Armour      Ice            7%         N/A       28%         3

Your spell library contained the following spells:

 Spells                   Type           Power      Damage    Failure   Level
 Ozocubu's Refrigeration  Ice            3%         4d5       100%        7


Dungeon Overview and Level Annotations

Branches:
Dungeon (3/15)

Altars:
Uskayaw

Shops:
D:2 =[   D:3 =

Annotations:
D:3 Natasha


Innate Abilities, Weirdness & Mutations

You cannot wear most types of armour.
You are amphibious.
You can wear up to eight rings at the same time.
Your skin changes colour to match your surroundings (Stealth+).
Your rubbery body absorbs attacks. (AC +1, EV +1)
((You are camouflaged when in or above water. (Stealth+)))
You have tentacles for arms and can constrict up to eight enemies at once.


Message History

The sling bullet closely misses the orc.
The orc shouts!
You shoot a sling bullet. The sling bullet barely misses the orc.
You shoot a sling bullet. The sling bullet hits the orc!
The sling bullet freezes the orc.
You kill the orc!
Things that are here:
a +0 club; a +0 leather armour
There is an open door here.
Found an escape hatch in the ceiling.
There is an open door here.
There is an escape hatch in the ceiling here.
There is an escape hatch in the ceiling here.
Partly explored, can't reach some places.
Partly explored, can't reach some places.
There is a large open door here.
There is an open door here. 2 kobolds come into view.
You shoot a sling bullet. The sling bullet hits the kobold!
The sling bullet freezes the kobold.
You kill the kobold!
You shoot a sling bullet. The sling bullet hits the kobold!
The sling bullet freezes the kobold.
You kill the kobold!
No target in view!
No target in view!
A kobold and a kobold brigand come into view.
The kobold brigand is wielding a +0 dagger and quivering curare-tipped darts.
You shoot a sling bullet.
The sling bullet hits the kobold brigand.
The sling bullet freezes the kobold brigand.
The kobold shouts!
You shoot a sling bullet.
The sling bullet closely misses the kobold brigand.
The kobold brigand throws a curare-tipped dart.
The curare-tipped dart hits you.
You are poisoned.
You have difficulty breathing.
You feel yourself slow down.
You take 9 damage, and have 30/39 hp.
MASSIVE DAMAGE!!
Okay, then.
Fire: b) +6 hunting sling "Afosudo" {freeze, Str+4}
Aim: a kobold brigand, wielding a +0 dagger and quivering curare-tipped darts (lightly wounded, 59% to hit)
You shoot a sling bullet.
The sling bullet hits the kobold brigand.
The sling bullet freezes the kobold brigand.
You feel very sick.
A kobold comes into view. It is wielding a +0 club.
You take 5 damage, and have 25/39 hp.
The +6 hunting sling "Afosudo" {freeze, Str+4} stops glowing.
e - a +0 vorpal hand axe (weapon)
You feel sick.
You take 1 damage, and have 24/39 hp.
You aren't carrying any items that you can evoke.
Throw: 3 darts (curare)
Aim: a kobold brigand, wielding a +0 dagger and quivering curare-tipped darts (moderately wounded, 53% to hit)
You throw a curare-tipped dart.
The curare-tipped dart barely misses the kobold.
The curare-tipped dart closely misses the kobold brigand.
The kobold shouts!
You feel sick.
You take 1 damage, and have 23/39 hp.
Throw: 2 darts (curare)
Aim: a kobold brigand, wielding a +0 dagger and quivering curare-tipped darts (moderately wounded, 53% to hit)
You throw a curare-tipped dart.
The curare-tipped dart closely misses the kobold brigand.
You feel sick.
You take 1 damage, and have 22/39 hp.
You barely miss the kobold brigand. Your grab misses the kobold brigand.
Your squeeze misses the kobold brigand. You barely miss the kobold.
You feel sick.
The kobold brigand hits you with a +0 dagger.
The kobold hits you with a +0 club.
The kobold brigand hits you with a +0 dagger.
* * * LOW HITPOINT WARNING * * *
The kobold barely misses you.
You take 11 damage, and have 11/39 hp.
MASSIVE DAMAGE!!
You feel better. The kobold brigand misses you. The kobold closely misses you.
The kobold hits you with a +0 club.
You regained 5 hp, and now have 16/39 hp.
You hit the kobold brigand. Your grab misses the kobold brigand.
You squeeze the kobold brigand. You hit the kobold.
You closely miss the kobold. The kobold hits you with a +0 club.
The kobold brigand hits you with a +0 dagger.
The kobold barely misses you. The kobold hits you with a +0 club. x2
* * * LOW HITPOINT WARNING * * *
The kobold brigand hits you with a +0 dagger.
* * * LOW HITPOINT WARNING * * *
You take 11 damage, and have 5/39 hp.
MASSIVE DAMAGE!!
You feel better. The kobold hits you with a +0 club.
* * * LOW HITPOINT WARNING * * *
The kobold brigand barely misses you. The kobold hits you with a +0 club.
* * * LOW HITPOINT WARNING * * *
The kobold closely misses you. The kobold hits you with a +0 club.
* * * LOW HITPOINT WARNING * * *
The kobold brigand hits you with a +0 dagger!
You die...

≈≈≈≈≈≈≈≈≈≈≈≈≈≈≈≈≈≈≈≈≈≈≈≈≈≈≈≈≈≈≈≈≈
≈≈≈≈≈≈≈≈≈≈≈≈≈≈≈≈≈≈≈≈≈≈≈≈≈≈≈≈≈≈≈≈≈
≈≈≈≈≈≈≈≈≈≈≈≈≈≈≈≈≈≈≈≈≈≈≈≈≈≈≈≈≈≈≈≈≈
#################################
,,,,,#....#,,,,,,,*,,...** **,,,,
,,,,,#....#,,,,,,,+,....,***,,,,,
######....#########..)..,,*,,,,,,
....#......#.....K......,,*,,,,,,
....'......'....@K.....(,,+,,,,,,
....#....).#.....K......,,*,,,,,,
######....#########..)..,,*,,,,,,
K...,#....#,,,,,,,+,....,***,,,,,
.oo.,#....#,,,,,,,*,,...** **,,,,
#######''########################
≈≈≈≈≈≈....≈≈≈≈≈≈≈≈≈≈≈≈≈≈≈≈≈≈≈≈≈≈≈
≈≈≈≈≈≈.....≈≈≈≈≈≈≈≈≈≈≈≈≈≈≈≈≈≈≈≈≈≈
≈≈≈≈≈≈....≈≈≈≈≈≈≈≈≈≈≈≈≈≈≈≈≈≈≈≈≈≈≈


You could see a kobold brigand and 2 kobolds.

Vanquished Creatures
  A jelly (D:2)
  2 orc priests (D:3)
  Jessica (D:3)
  Natasha (twice) (D:3)
  3 orc wizards
  3 adders (D:2)
  2 dart slugs
  10 orcs
  2 ball pythons (D:2)
  9 endoplasms
  3 giant cockroaches (D:1)
  5 goblins
  4 hobgoblins
  12 kobolds
  5 quokkas
  4 bats
  3 frilled lizards
  7 rats
78 creatures vanquished.

Notes
Turn   | Place    | Note
-------+----------+-------------------------------------------
     0 | D:1      | sokol815 the Octopode Brigand began the quest for the Orb.
     0 | D:1      | Reached XP level 1. HP: 14/14 MP: 1/1
   343 | D:1      | Reached XP level 2. HP: 19/19 MP: 2/2
   350 | D:1      | Reached skill level 6 in Stealth
   739 | D:2      | Reached XP level 3. HP: 20/24 MP: 3/3
   784 | D:1      | Reached skill level 7 in Stealth
   784 | D:1      | Reached XP level 4. HP: 26/29 MP: 4/4
   825 | D:2      | Reached skill level 8 in Stealth
   832 | D:2      | Reached XP level 5. HP: 19/34 MP: 5/5
  1172 | D:2      | Found Qityiwec's Antique Armour Boutique.
  1237 | D:2      | Found Acvotas's Jewellery Shop.
  1345 | D:2      | Learned a level 3 spell: Ozocubu's Armour
  1765 | D:3      | Reached skill level 1 in Ice Magic
  1771 | D:3      | Reached skill level 9 in Stealth
  1775 | D:3      | HP: 7/34 [orc/+0 flail (7)]
  1835 | D:3      | Found Wiv Pei's Jewellery Emporium.
  2007 | D:3      | Identified the +6 hunting sling "Afosudo" {freeze, Str+4}
  2007 | D:3      | Noticed Jessica
  2010 | D:3      | Killed Jessica
  2011 | D:3      | Reached skill level 2 in Ice Magic
  2190 | D:3      | Noticed Natasha
  2197 | D:3      | Reached XP level 6. HP: 23/39 MP: 6/6
  2201 | D:3      | HP: 6/39 [Natasha (6)]
  2204 | D:3      | Killed Natasha
  2210 | D:3      | Noticed Natasha
  2219 | D:3      | HP: 6/39 [quokka (2)]
  2230 | D:3      | Killed Natasha
  2231 | D:3      | Reached skill level 1 in Slings
  2277 | D:3      | Noticed Natasha
  2466 | D:3      | Found a faded altar of an unknown god.
  2466 | D:3      | Found a hide-covered altar of Uskayaw.
  3356 | D:3      | HP: 5/39 [kobold brigand/+0 dagger (6)]
  3357 | D:3      | Slain by a kobold brigand

Illustrated notes

Levels and vault maps discovered:
D:1:      psy_arrival_dodecagon, layout_rooms
D:2:      layout_basic, serial_shops, shop, shop_fountains,
          hangedman_decor_clover_reticule, st_stairs_11, fountainhead
D:3:      minmay_goblin_kobold_castle, layout_basic,
          mainiacjoe_overflow_six_doors_small,
          hellmonk_ecumenical_altar_slurped_away, serial_shops, shop,
          uniq_natasha, uniq_jessica

Skill      XL: |  1  2  3  4  5  6 |
---------------+-------------------+-----
Stealth        | 6 7 8 9 |  9.4
Ice Magic      | 2 |  2.8
Slings         | 1 |  1.7
Fighting       | |  2.0
Short Blades   | |  2.0
Throwing       | |  2.0
Dodging        | |  1.0

Action                   |  1- 3 |  4- 6 || total
-------------------------+-------+-------++-------
Melee: Dagger            |    40 |    90 ||   130
       Constrict         |     7 |    24 ||    31
       Tentacles         |     8 |    22 ||    30
       Punch             |       |     1 ||     1
       Hand axe          |       |     2 ||     2
 Fire: Hunting sling     |       |    24 ||    24
Throw: Stone             |     1 |       ||     1
       Dart              |       |     2 ||     2
  Use: Scroll            |       |     5 ||     5
       Potion            |       |     3 ||     3
 Stab: Sleeping          |     6 |     9 ||    15
Armor: Skin              |     1 |     6 ||     7
Dodge: Dodged            |    17 |    46 ||    63

Table legend: (Time is in decaauts)
 A = Elapsed time spent in this place.
 B = Non-inter-level travel time spent in this place.
 C = Inter-level travel time spent in this place.
 D = Time resting spent in this place.
 E = Time spent auto-exploring this place.
 F = Levels seen in this place.
 G = Mean time per level.
                   A        B        C        D        E       F      G
               +--------+--------+--------+--------+--------+-----+--------+
         Total |   3360 |   3243 |    117 |    969 |   1651 |   3 | 1120.0 |
       Dungeon |   3360 |   3243 |    117 |    969 |   1651 |   3 | 1120.0 |
               +--------+--------+--------+--------+--------+-----+--------+

Top non-repeatable levels by time:
     D:3: 1452 daAuts
     D:2: 970 daAuts
     D:1: 937 daAuts

Table legend:
 A = Kills in this place as a percentage of kills in entire the game.
 B = Kills by you in this place as a percentage of kills by you in the entire game.
 C = Kills by friends in this place as a percentage of kills by friends in the entire game.
 D = Other kills in this place as a percentage of other kills in the entire game.
 E = Experience gained in this place as a percentage of experience gained in the entire game.
 F = Experience gained in this place divided by the number of levels of this place that you have seen.
                   A       B       C       D       E      F
               +-------+-------+-------+-------+-------+----------------------
         Total | 100.0 | 100.0 |   N/A |   N/A | 100.0 | 169.0
       Dungeon | 100.0 | 100.0 |   N/A |   N/A | 100.0 | 169.0
               +-------+-------+-------+-------+-------+----------------------
